 Dungeon Crawl Stone Soup version 0.22-a0-538-g76cc104 (webtiles) character file.

1002 CougarLife the Shield-Bearer (level 8, 67/67 HPs)
             Began as a Gnoll Fighter on June 23, 2018.
             Quit the game on level 4 of the Dungeon.
             The game lasted 00:03:36 (3298 turns).

CougarLife the Shield-Bearer (Gnoll Fighter)        Turns: 3298, Time: 00:03:37

Health: 67/67      AC:  9    Str: 20    XL:     8   Next: 20%
Magic:  12/12      EV: 10    Int: 11    God:
Gold:   192        SH: 11    Dex: 15    Spells: 13/13 levels left

rFire    . . .     SeeInvis .   a - +0 war axe
rCold    . . .     Gourm    .   c - +0 shield
rNeg     . . .     Faith    .   b - +0 scale mail
rPois    .         Spirit   .   B - +0 helmet
rElec    .         Reflect  .   (no cloak)
rCorr    .         Harm     .   (no gloves)
MR       .....                  (no boots)
Stlth    +.........             (no amulet)
HPRegen  0.21/turn              (no ring)
MPRegen  0.13/turn              (no ring)

@: no status effects
A: distributed training, fangs 1, strong nose
a: no special abilities


You were on level 4 of the Dungeon.
You were not hungry.

You visited 1 branch of the dungeon, and saw 4 of its levels.

You collected 192 gold pieces.

Inventory:

Hand Weapons
 a - a +0 war axe (weapon)
Armour
 b - a +0 scale mail (worn)
 c - a +0 shield (worn)
 B - a +0 helmet (worn)
Jewellery
 u - an uncursed ring of flight {unknown}
 x - an uncursed amulet of the gourmand {unknown}
 y - a +2 ring of strength {unknown}
Wands
 C - a wand of flame (25)
Scrolls
 e - 3 scrolls of enchant weapon {unknown}
 h - 4 scrolls of teleportation {unknown}
 i - 6 scrolls of identify {unknown}
 j - a scroll of immolation {unknown}
 l - a scroll of enchant armour {unknown}
 m - a scroll of random uselessness {unknown}
 n - 2 scrolls of magic mapping {unknown}
 o - 3 scrolls of amnesia {unknown}
 p - 2 scrolls of fear {unknown}
 q - a scroll of blinking {unknown}
 r - 2 scrolls of remove curse {unknown}
 v - 2 scrolls of fog {unknown}
Potions
 d - a potion of might
 g - a potion of invisibility {unknown}
 k - 3 potions of curing {unknown}
 s - a potion of lignification {unknown}
 t - 2 potions of agility {unknown}
 w - a potion of heal wounds {unknown}
 z - a potion of brilliance {unknown}
Comestibles
 f - 9 rations


   Skills:
 + Level 7.2 Fighting
 + Level 3.0 Short Blades
 + Level 3.0 Long Blades
 + Level 5.5 Axes
 + Level 3.0 Maces & Flails
 + Level 3.0 Polearms
 + Level 3.0 Staves
 + Level 3.0 Slings
 + Level 3.0 Bows
 + Level 3.0 Crossbows
 + Level 3.0 Throwing
 + Level 7.2 Armour
 + Level 3.0 Dodging
 + Level 3.0 Stealth
 + Level 7.2 Shields
 + Level 3.0 Unarmed Combat
 + Level 3.0 Spellcasting
 + Level 2.4 Conjurations
 + Level 2.4 Hexes
 + Level 2.4 Charms
 + Level 2.4 Summonings
 + Level 2.4 Necromancy
 + Level 2.4 Translocations
 + Level 2.4 Transmutations
 + Level 2.4 Fire Magic
 + Level 2.4 Ice Magic
 + Level 2.4 Air Magic
 + Level 2.4 Earth Magic
 + Level 2.4 Poison Magic
 + Level 3.3 Invocations
 + Level 3.0 Evocations


You had 13 spell levels left.
You didn't know any spells.
Your spell library was empty.

Dungeon Overview and Level Annotations

Branches:
Dungeon (4/15)
 Temple: D:4-7

Altars:
Qazlal
Trog


Innate Abilities, Weirdness & Mutations

Your experience applies equally to all skills.
You have very sharp teeth.
Your uncanny sense of smell can sniff out nearby items.


Message History

There is a fountain of clear blue water here.
There is an open door here.
You now have 192 gold pieces (gained 9).
All of the chunks of flesh in your inventory have rotted away.
p - 2 scrolls labeled ROAH MID JEY (gained 1)
i - 5 scrolls labeled EQISIWO JIUN (gained 1)
i - 6 scrolls labeled EQISIWO JIUN (gained 1)
Found a stone staircase leading down.
Done exploring.
Done exploring.
Done exploring.
Done exploring.
Search for what [Enter for "altar", or ? for help]? armor Search for what [Enter for "armor", or ? for help]? hrow Search for what [Enter for "hrow", or ? for help]? altar Are you sure you want to abandon this character and quit the game? (Confirm with "yes".)
Okay, then.
Unknown command.
Unknown command.
Are you sure you want to abandon this character and quit the game? (Confirm with "yes".)

######## ##......##
##........##
#..........#
#..........#
#..........#
#..........#
#....@.....#
##........##
#..........#
#..........# #
#..>.......# #########
#..........# #...(....
#..........###.##...#.
##........##...#..###.
##.......###.###..###.


There were no monsters in sight!

Vanquished Creatures
  Pikel (D:4)
  Menkaure (D:4)
  A slave (D:4)
  A howler monkey (D:4)
  3 orc priests (D:3)
  An orc wizard (D:4)
  A bullfrog skeleton (D:4)
  Natasha (D:3)
  A worker ant (D:2)
  Robin (D:4)
  4 adders
  2 worms
  11 dart slugs
  5 leopard geckos
  6 orcs
  A ball python (D:1)
  9 bats
  2 giant cockroaches
  15 goblins
  6 hobgoblins
  7 jackals
  3 quokkas
  4 frilled lizards
  12 kobolds
  A leopard gecko skeleton (D:4)
  9 rats
109 creatures vanquished.

Vanquished Creatures (others)
  A slave (D:4)
  A goblin (D:4)
  2 hobgoblins (D:4)
4 creatures vanquished.

Grand Total: 113 creatures vanquished

Notes
Turn   | Place    | Note
-------+----------+-------------------------------------------
     0 | D:1      | CougarLife the Gnoll Fighter began the quest for the Orb.
     0 | D:1      | Reached XP level 1. HP: 23/23 MP: 1/1
    47 | D:1      | Reached XP level 2. HP: 28/29 MP: 2/2
   425 | D:1      | Reached XP level 3. HP: 32/35 MP: 3/3
   826 | D:2      | Reached skill level 1 in Invocations
   876 | D:2      | Reached skill level 1 in Short Blades
   876 | D:2      | Reached skill level 1 in Long Blades
   876 | D:2      | Reached skill level 1 in Maces & Flails
   876 | D:2      | Reached skill level 1 in Polearms
   876 | D:2      | Reached skill level 1 in Staves
   876 | D:2      | Reached skill level 1 in Slings
   876 | D:2      | Reached skill level 1 in Bows
   876 | D:2      | Reached skill level 1 in Crossbows
   876 | D:2      | Reached skill level 1 in Throwing
   876 | D:2      | Reached skill level 1 in Dodging
   876 | D:2      | Reached skill level 1 in Stealth
   876 | D:2      | Reached skill level 1 in Unarmed Combat
   876 | D:2      | Reached skill level 1 in Spellcasting
   876 | D:2      | Reached skill level 1 in Evocations
   879 | D:2      | Reached XP level 4. HP: 41/41 MP: 5/5
   995 | D:2      | Reached skill level 1 in Conjurations
   995 | D:2      | Reached skill level 1 in Hexes
   995 | D:2      | Reached skill level 1 in Charms
   995 | D:2      | Reached skill level 1 in Summonings
   995 | D:2      | Reached skill level 1 in Necromancy
   995 | D:2      | Reached skill level 1 in Translocations
   995 | D:2      | Reached skill level 1 in Transmutations
   995 | D:2      | Reached skill level 1 in Fire Magic
   995 | D:2      | Reached skill level 1 in Ice Magic
   995 | D:2      | Reached skill level 1 in Air Magic
   995 | D:2      | Reached skill level 1 in Earth Magic
   995 | D:2      | Reached skill level 1 in Poison Magic
  1429 | D:3      | Reached XP level 5. HP: 36/47 MP: 5/7
  1632 | D:3      | Reached XP level 6. HP: 25/53 MP: 8/8
  2301 | D:4      | Noticed Menkaure
  2305 | D:4      | Killed Menkaure
  2305 | D:4      | Reached skill level 5 in Axes
  2600 | D:4      | Reached XP level 7. HP: 43/59 MP: 10/10
  2610 | D:4      | Noticed Pikel
  2624 | D:4      | Killed Pikel
  2624 | D:4      | Reached XP level 8. HP: 16/67 MP: 10/12
  2664 | D:4      | Noticed Natasha
  2678 | D:3      | Killed Natasha
  2998 | D:4      | Noticed Robin
  3008 | D:4      | Killed Robin
  3135 | D:4      | Found a stormy altar of Qazlal.
  3136 | D:4      | Found a bloodstained altar of Trog.
  3298 | D:4      | Quit the game

Vault maps used:
D:1:      scummos_arrival_simple_crosswalls, minivault_27, skrybe_limestone_x,
          st_stairs_10
D:2:      first_ration
D:3:      kennysheep_slugbush
D:4:      gammafunk_temple_overflow_statue, uniq_robin, uniq_pikel,
          uniq_natasha, uniq_menkaure

Skill      XL: |  1  2  3  4  5  6  7  8 |
---------------+-------------------------+-----
Invocations    | 1 2 3 |  3.3
Short Blades   | 1 2 3 |  3.0
Long Blades    | 1 2 3 |  3.0
Maces & Flails | 1 2 3 |  3.0
Polearms       | 1 2 3 |  3.0
Staves         | 1 2 3 |  3.0
Slings         | 1 2 3 |  3.0
Bows           | 1 2 3 |  3.0
Crossbows      | 1 2 3 |  3.0
Throwing       | 1 2 3 |  3.0
Dodging        | 1 2 3 |  3.0
Stealth        | 1 2 3 |  3.0
Unarmed Combat | 1 2 3 |  3.0
Spellcasting   | 1 2 3 |  3.0
Evocations     | 1 2 3 |  3.0
Conjurations   | 1 2 |  2.4
Hexes          | 1 2 |  2.4
Charms         | 1 2 |  2.4
Summonings     | 1 2 |  2.4
Necromancy     | 1 2 |  2.4
Translocations | 1 2 |  2.4
Transmutations | 1 2 |  2.4
Fire Magic     | 1 2 |  2.4
Ice Magic      | 1 2 |  2.4
Air Magic      | 1 2 |  2.4
Earth Magic    | 1 2 |  2.4
Poison Magic   | 1 2 |  2.4
Axes           | 5 |  5.5
Fighting       | 7 |  7.2
Armour         | 7 |  7.2
Shields        | 7 |  7.2

Action                   |  1- 3 |  4- 6 |  7- 9 || total
-------------------------+-------+-------+-------++-------
Melee: War axe           |   107 |   143 |    38 ||   288
       Bite              |    12 |    12 |     4 ||    28
  Use: Potion            |       |       |     1 ||     1
  Eat: Chunk             |       |     6 |     2 ||     8
Armor: Scale mail        |    50 |    36 |    15 ||   101
Dodge: Dodged            |    37 |    39 |    30 ||   106
Block: Shield            |    62 |    84 |    35 ||   181

Table legend:
 A = Spawn XP
 B = Non-spawn XP
 C = Spawn XP percentage of total XP
 D = Spawn monster count
 E = Non-spawn monster count
 F = Spawn count percentage of total count
 G = Total turns spent on level
                    A         B        C        D         E        F      G
               +---------+---------+-------+---------+---------+-------+---------
         Total |       0 |    1432 |   0.0 |       0 |     108 |   0.0 |  3298
               +---------+---------+-------+---------+---------+-------+---------
           D:1 |       0 |      55 |   0.0 |       0 |      33 |   0.0 |   822
           D:2 |       0 |      87 |   0.0 |       0 |      18 |   0.0 |   502
           D:3 |       0 |     250 |   0.0 |       0 |      35 |   0.0 |  1529
           D:4 |       0 |    1040 |   0.0 |       0 |      22 |   0.0 |   445
               +---------+---------+-------+---------+---------+-------+---------
